 Dungeon Crawl Stone Soup version 0.30-a0-12-gd8047c6341 (console) character file.

Game seed: 15589451994123410006

84404 jejorda2 the Impaler (level 15, -1/180 HPs)
             Began as a Merfolk Berserker on Aug 23, 2022.
             Was a High Priest of Trog.
             Slain by an eight-headed hydra (11 damage)
             ... on level 5 of the Lair of Beasts.
             The game lasted 00:46:37 (18341 turns).

jejorda2 the Impaler (Merfolk Berserker)           Turns: 18341, Time: 00:46:38

Health: -1/180     AC: 22    Str: 35    XL:     15   Next: 80%
Magic:  15/15      EV: 16    Int:  7    God:    Trog [*****.]
Gold:   409        SH:  0    Dex:  9    Spells: 14/14 levels left

rFire   . . .      SeeInvis .    w - +0 trident
rCold   . . .      Faith    +    (no shield)
rNeg    + + .      Spirit   .    z - +7 ring mail of the Big Bang {rElec Str+3}
rPois   +          Reflect  .    P - +0 helmet
rElec   +          Harm     .    K - +2 cloak
rCorr   .          Rampage  ∞    (no gloves)
Will    +....                    T - +3 pair of seven-league boots {Rampage+∞}
Stlth   ..........               U - amulet of faith
HPRegen 0.40/turn                C - ring "Tadoor" {rPois rN++ Str+8 Dex-5 Slay+2}
MPRegen 0.14/turn                B - +4 ring of evasion

@: berserking (expiring), slowed
A: (nimble swimmer 2), mertail
a: Renounce Religion, Berserk, Trog's Hand, Brothers in Arms


You were on level 5 of the Lair of Beasts.
You worshipped Trog.
Trog was extremely pleased with you.
You visited 2 branches of the dungeon, and saw 15 of its levels.
You also visited: Sewer and Bailey.

You collected 899 gold pieces.
You spent 490 gold pieces at shops.

Inventory:

Hand Weapons
 a - a +4 vorpal glaive
 b - the +9 heavy crossbow "Sniper" {vorpal, Acc+∞ SInv}
   (You found it on level 2 of the Lair of Beasts)

   Any ammunition fired from it inflicts extra damage upon your enemies.
   Any ammunition fired from it never misses its target.
   SInv:      It lets you see invisible.
 w - a +0 trident (weapon)
 W - the +4 halberd "Kuafoury" {antimagic, rF+++ Dex+5}
   (You found it on level 8 of the Dungeon)

   It reduces the magical energy of the wielder, and disrupts the spells and
   magical abilities of those it strikes.
   Natural abilities and divine invocations are not affected.
   Dex:       It affects your dexterity (+5).
   rF:        It renders you almost immune to fire.
Missiles
 d - 11 curare-tipped darts
 h - 21 poisoned darts
 i - 164 stones (quivered)
 k - 2 datura-tipped darts
 F - 6 javelins
 G - 5 atropa-tipped darts
 J - 8 boomerangs
 M - a throwing net
Armour
 z - the +7 ring mail of the Big Bang (worn) {rElec Str+3}
   (You found it on level 5 of the Dungeon)

   Str:       It affects your strength (+3).
   rElec:     It insulates you from electricity.
 K - a +2 cloak (worn)
 P - a +0 helmet (worn)
 T - the +3 pair of seven-league boots (worn) {Rampage+∞}
   (You found it on level 7 of the Dungeon)

   Its wearer moves as far as possible in that direction when moving towards
   enemies.
Jewellery
 r - a ring of ice
 B - a +4 ring of evasion (right hand)
 C - the ring "Tadoor" (left hand) {rPois rN++ Str+8 Dex-5 Slay+2}
   (You acquired it on level 4 of the Dungeon)

   [ring of poison resistance]

   Str:       It affects your strength (+8).
   Dex:       It affects your dexterity (-5).
   Slay:      It affects your accuracy & damage with ranged weapons and melee
   (+2).
   rPois:     It protects you from poison.
   rN:        It greatly protects you from negative energy.
 I - a ring of flight
 N - a ring of willpower
 S - the ring of Mezufo {rCorr Int+6 Slay+3 Stlth+}
   (You took it off a spriggan on level 5 of the Lair of Beasts)

   [ring of intelligence]

   Int:       It affects your intelligence (+6).
   Slay:      It affects your accuracy & damage with ranged weapons and melee
   (+3).
   rCorr:     It protects you from acid and corrosion.
   Stlth:     It makes you more stealthy.
 U - an amulet of faith (around neck)
Wands
 c - a wand of charming (1)
 m - a wand of mindburst (23)
 y - a wand of digging (7)
 A - a wand of iceblast (30)
 E - a wand of flame (22)
 R - a wand of acid (5)
Scrolls
 j - 5 scrolls of enchant weapon
 l - 4 scrolls of teleportation
 o - 2 scrolls of fear
 t - a scroll of summoning
 u - 4 scrolls of enchant armour
 v - 5 scrolls of butterflies
 H - a scroll of magic mapping
 O - 5 scrolls of poison
 Q - a scroll of blinking
 V - a scroll of brand weapon {unknown}
Potions
 e - 2 potions of invisibility
 f - 7 potions of curing
 g - 2 potions of attraction
 n - 2 potions of haste
 p - 4 potions of might
 q - 4 potions of heal wounds
 s - 2 potions of ambrosia
 x - 2 potions of flight
 D - 5 potions of lignification
 L - a potion of cancellation {unknown}


   Skills:
 - Level 12.0 Fighting
 - Level 20.4 Polearms
 + Level 15.3 Throwing
 - Level 6.0 Armour
 - Level 6.0 Dodging
 - Level 6.0 Evocations


You had 14 spell levels left.
You didn't know any spells.
Your spell library was empty.

Dungeon Overview and Level Annotations

Branches:
Dungeon (10/15)            Temple (0/1) D:4            Lair (5/5) D:8
  Swamp (0/4) Lair:2       Spider (0/4) Lair:3          Orc (0/2) D:10
  Sewer (visited)          Bailey (visited)
  Slime: Lair:4-5

Altars:
Dithmenos
Gozag
Hepliaklqana
Okawaru
Ru
Wu Jian
Yredelemnul

Shops:
D:1 (   D:8 =   D:10 =

Annotations:
D:8 2 transporters
Lair:1 2 transporters, gdog's ghost, journeyman GnDe
Lair:5 2 runed translucent doors


Innate Abilities, Weirdness & Mutations

((You are very nimble when in or above water. (Stealth+, EV+, Speed+++)))
Your lower body shifts to a powerful aquatic tail in water.


Message History

The eight-headed hydra bites you but does no damage.
Unknown command.
You puncture the six-headed hydra!
The six-headed hydra is moderately wounded.
The six-headed hydra bites you! The six-headed hydra barely misses you.
The six-headed hydra bites you. The six-headed hydra bites you!
The six-headed hydra misses you.
The six-headed hydra closely misses you.
Unknown command.
You puncture the six-headed hydra!
The six-headed hydra is heavily wounded.
The eight-headed hydra completely misses you.
The eight-headed hydra bites you but does no damage. x3
The eight-headed hydra closely misses you.
The eight-headed hydra bites you!
* * * LOW HITPOINT WARNING * * *
The eight-headed hydra closely misses you.
The eight-headed hydra barely misses you.
You puncture the six-headed hydra!
The six-headed hydra is severely wounded.
The six-headed hydra closely misses you.
The six-headed hydra bites you!
* * * LOW HITPOINT WARNING * * *
The six-headed hydra bites you.
* * * LOW HITPOINT WARNING * * *
The six-headed hydra closely misses you.
The six-headed hydra bites you!
* * * LOW HITPOINT WARNING * * *
The six-headed hydra bites you but does no damage.
The eight-headed hydra bites you but does no damage.
The eight-headed hydra bites you.
* * * LOW HITPOINT WARNING * * *
The eight-headed hydra bites you but does no damage. x2
The eight-headed hydra bites you.
* * * LOW HITPOINT WARNING * * *
The eight-headed hydra bites you but does no damage.
The eight-headed hydra bites you!
* * * LOW HITPOINT WARNING * * *
The eight-headed hydra bites you!
You die...

......... .............
P.#Y)#. #.#........P. ..
#.... .###..#...... #..
#..# ..# #......... .#..
#..# ..###..#....P.
.....##..## ...##..........
#...#....# #...#....##.....
#.......k##D...##..#######<
.. #...#..YwD@....#...
#.###P.
..##.....†.###.....##
#..###. ............##
##.### #..###.
............# # ##...###
....#...#.#.##≈##
######....# ............#
≈§§ #8#8#.....###
.........#..# #§≈#
##.........#. ........#...#
#§≈##8..........#
.........#...#
##≈≈.......#....8


You could see an eight-headed hydra, a six-headed hydra, a torpor snail, a yak
and a rime drake.

Vanquished Creatures
  5 hydras
  Erolcha (D:9)
  A boulder beetle (Lair:3)
  Harold (D:9)
  A catoblepas (Lair:4)
  5 two-headed ogres
  3 death yaks (D:8)
  Sonja (Lair:2)
  A fire crab (Lair:5)
  6 elephants
  Joseph (D:7)
  Maurice (D:9)
  12 cane toads
  9 black mambas
  A gargoyle (D:7)
  2 molten gargoyles (Lair:5)
  The ghost of GigaChad the Chopper, a novice FoFi (D:5)
  2 rime drakes
  The ghost of greasedhog the Cudgeller, a novice GrAK of Lugonu (D:5)
  16 komodo dragons
  2 trolls
  A polar bear (Lair:3)
  25 blink frogs
  Prince Ribbit (D:6)
  4 slime creatures
  7 dream sheep (Lair:1)
  A wraith (D:10)
  8 wyverns
  A shadow (D:10)
  47 yaks
  2 spriggans (Lair:5)
  Grum (D:9)
  4 basilisks
  A steam dragon (D:9)
  2 redbacks (Lair:3)
  2 vampire mosquitoes (D:7)
  4 hell hounds (Lair:5)
  15 water moccasins
  A sky beast (D:7)
  4 black bears
  14 orc warriors
  Pargi (Sewer)
  2 ice beasts
  An ogre (D:5)
  17 wolves
  3 phantoms
  3 centaurs
  A kobold brigand (D:8)
  11 bullfrogs
  A necrophage (D:6)
  A scorpion (D:6)
  The ghost of Splishie the Fighter, a weakling GnWn (D:5)
  4 killer bees (D:7)
  5 howler monkeys
  An electric eel (D:9)
  A lava snake (Lair:5)
  2 hounds
  6 orc priests
  3 jellies (Lair:5)
  6 iguanas
  10 orc wizards
  10 adders
  5 gnolls
  A river rat (D:4)
  A shadow imp (D:5)
  2 white imps
  2 ufetubi (D:9)
  A worm (D:3)
  2 dart slugs
  53 orcs
  10 bats
  7 endoplasms
  2 giant cockroaches
  7 goblins
  A hobgoblin (D:3)
  3 jackals (D:3)
  5 quokkas
  15 ball pythons
  6 frilled lizards
  9 kobolds
  4 rats
444 creatures vanquished.

Vanquished Creatures (collateral kills)
  An orc knight (Bailey)
  3 orc warriors
  An orc priest (D:7)
  2 orcs (D:7)
7 creatures vanquished.

Vanquished Creatures (others)
  An orc priest (D:7)
  An ufetubus (D:9)
  27 fungi
  84 plants
113 creatures vanquished.

Grand Total: 564 creatures vanquished

Notes
Turn   | Place    | Note
-------+----------+-------------------------------------------
     0 | D:1      | jejorda2 the Merfolk Berserker began the quest for the Orb.
     0 | D:1      | Reached XP level 1. HP: 18/18 MP: 1/1
   187 | D:1      | Reached XP level 2. HP: 24/24 MP: 2/2
   450 | D:1      | Found a faded altar of an unknown god.
   838 | D:1      | Reached XP level 3. HP: 30/30 MP: 3/3
   968 | D:1      | Found Lorph's Weapon Emporium.
   973 | D:1      | Bought 2 datura-tipped darts for 10 gold pieces
  1194 | D:2      | Reached skill level 5 in Polearms
  1980 | D:3      | Reached XP level 4. HP: 31/37 MP: 4/4
  1985 | D:3      | Reached ** piety under Trog
  2106 | D:3      | Reached XP level 5. HP: 42/42 MP: 5/5
  2272 | D:3      | Reached skill level 6 in Polearms
  2734 | D:4      | Identified a scroll of acquirement
  2734 | D:4      | Acquired the ring "Tadoor" {rPois rN++ Str+8 Dex-5 Slay+2}
  2828 | D:4      | Found a glowing drain.
  2832 | Sewer    | Entered a sewer
  2877 | Sewer    | Noticed Pargi
  2890 | Sewer    | Killed Pargi
  2891 | Sewer    | Reached skill level 7 in Polearms
  2891 | Sewer    | Reached XP level 6. HP: 49/49 MP: 6/6
  2964 | Sewer    | Reached *** piety under Trog
  3332 | D:4      | Noticed a black bear
  3338 | D:4      | Killed a black bear
  3396 | D:4      | Found a staircase to the Ecumenical Temple.
  3598 | D:4      | Reached skill level 5 in Fighting
  3598 | D:4      | Reached XP level 7. HP: 32/56 MP: 7/7
  4045 | D:5      | Entered Level 5 of the Dungeon
  4144 | D:5      | Identified the +7 ring mail of the Big Bang {rElec Str+3}
  4190 | D:5      | Reached skill level 8 in Polearms
  4344 | D:5      | Found a runed translucent gate.
  4348 | D:5      | Found a runed translucent gate.
  4349 | D:5      | Found a runed translucent gate.
  4350 | D:5      | Noticed greasedhog's ghost (novice GrAK)
  4350 | D:5      | Noticed Splishie's ghost (weakling GnWn)
  4350 | D:5      | Noticed GigaChad's ghost (novice FoFi)
  4527 | D:5      | Reached skill level 9 in Polearms
  4527 | D:5      | Reached XP level 8. HP: 63/64 MP: 8/8
  4886 | D:5      | Killed greasedhog's ghost
  4887 | D:5      | Reached skill level 10 in Polearms
  4895 | D:5      | Killed Splishie's ghost
  4902 | D:5      | Killed GigaChad's ghost
  4903 | D:5      | Reached skill level 11 in Polearms
  5035 | D:6      | Found a sacrificial altar of Ru.
  5045 | D:6      | Reached XP level 9. HP: 69/69 MP: 9/9
  5125 | D:6      | Reached skill level 12 in Polearms
  5144 | D:6      | Noticed Prince Ribbit
  5155 | D:6      | Killed Prince Ribbit
  5156 | D:6      | Reached skill level 5 in Armour
  5458 | D:6      | Found an ornate altar of the Wu Jian Council.
  5668 | D:7      | Reached skill level 13 in Polearms
  5775 | D:7      | Noticed a two-headed ogre
  5775 | D:7      | Noticed a two-headed ogre
  5775 | D:7      | Found the +6 shillelagh "Devastator" {shatter}
  5790 | D:7      | Killed a two-headed ogre
  5791 | D:7      | Reached XP level 10. HP: 76/76 MP: 10/10
  5793 | D:7      | Killed a two-headed ogre
  5794 | D:7      | Reached skill level 14 in Polearms
  5832 | D:7      | Noticed a gargoyle
  5851 | D:7      | Killed a gargoyle
  5852 | D:7      | Reached skill level 5 in Dodging
  5870 | D:7      | Noticed a two-headed ogre
  5881 | D:7      | Killed a two-headed ogre
  5882 | D:7      | Reached skill level 15 in Polearms
  6196 | D:7      | Found a transporter.
  6200 | D:7      | Found a transporter.
  6203 | D:7      | Noticed a two-headed ogre
  6211 | D:7      | Found the +3 pair of seven-league boots {Rampage+∞}
  6291 | D:7      | Found a shadowy altar of Dithmenos.
  6554 | D:7      | Reached **** piety under Trog
  6744 | D:7      | Noticed Joseph
  7275 | D:8      | Found a flagged portal.
  7284 | D:8      | Identified the +4 halberd "Kuafoury" {antimagic, rF+++
                  | Dex+5}
  7288 | Bailey   | Entered a bailey
  7307 | Bailey   | Reached skill level 16 in Polearms
  7611 | Bailey   | Noticed an orc knight
  7614 | Bailey   | Reached skill level 17 in Polearms
  7614 | Bailey   | Reached XP level 11. HP: 81/81 MP: 3/11
  7624 | Bailey   | Killed an orc knight
  7630 | Bailey   | Reached skill level 20 in Polearms
  7630 | Bailey   | Reached XP level 12. HP: 88/88 MP: 4/12
  8021 | D:8      | Found Iceiteul's Jewellery Shop.
  8029 | D:8      | Noticed a death yak
  8044 | D:8      | Noticed a death yak
  8053 | D:8      | Noticed a death yak
  8058 | D:8      | Killed a death yak
  8059 | D:8      | Reached skill level 1 in Throwing
  8067 | D:8      | Killed a death yak
  8082 | D:8      | Killed a death yak
  8221 | D:8      | Found a staircase to the Lair.
  8379 | D:8      | Found a hazy altar of Hepliaklqana.
  8422 | D:8      | Found a transporter.
  8423 | D:8      | Noticed a boulder beetle
  8424 | D:8      | Found a transporter.
  8541 | D:9      | Noticed Grum
  8555 | D:9      | Killed Grum
  8617 | D:9      | Noticed Maurice
  8629 | D:9      | Killed Maurice
  8920 | D:9      | Noticed Erolcha
  8926 | D:9      | Killed Erolcha
  9003 | D:9      | Noticed Harold
  9015 | D:9      | Killed Harold
  9016 | D:9      | Reached skill level 5 in Evocations
  9118 | D:9      | Found a basalt altar of Yredelemnul.
  9207 | D:10     | Entered Level 10 of the Dungeon
  9209 | D:10     | Noticed a two-headed ogre
  9218 | D:10     | Killed a two-headed ogre
  9224 | D:10     | Found an iron altar of Okawaru.
  9645 | D:10     | Found a staircase to the Orcish Mines.
 10267 | D:10     | Found Eghirghonk's Jewellery Boutique.
 10289 | D:10     | Found an opulent altar of Gozag.
 10569 | Lair:1   | Entered Level 1 of the Lair of Beasts
 10607 | Lair:1   | Reached skill level 5 in Throwing
 10622 | Lair:1   | HP: 2/94 [komodo dragon (66)]
 10999 | Lair:1   | Reached XP level 13. HP: 61/99 MP: 13/13
 11457 | Lair:1   | Found a transporter.
 11461 | Lair:1   | Found a transporter.
 11462 | Lair:1   | Noticed gdog's ghost (journeyman GnDe)
 12387 | Lair:2   | Reached skill level 10 in Fighting
 12458 | Lair:2   | Found a staircase to the Swamp.
 12694 | Lair:2   | Reached ***** piety under Trog
 12843 | Lair:2   | Noticed Sonja
 12845 | Lair:2   | Killed Sonja
 13074 | Lair:2   | Found the +9 heavy crossbow "Sniper" {vorpal, Acc+∞ SInv}
 13624 | D:7      | Killed Joseph
 13826 | D:8      | Bought an amulet of faith for 480 gold pieces
 14038 | Lair:3   | Found a hole to the Spider Nest.
 14107 | Lair:3   | Identified the +5 dagger "Aqicapny" {flame, Str+7}
 14298 | Lair:3   | Received a gift from Trog
 14396 | Lair:3   | Reached XP level 14. HP: 115/115 MP: 14/14
 14592 | Lair:3   | Reached skill level 10 in Throwing
 16254 | Lair:4   | Reached XP level 15. HP: 120/120 MP: 15/15
 16474 | Lair:5   | Entered Level 5 of the Lair of Beasts
 17161 | Lair:5   | Identified the ring of Mezufo {rCorr Int+6 Slay+3 Stlth+}
 17810 | Lair:5   | Found a large runed translucent door.
 17933 | Lair:5   | Found a large runed translucent door.
 18198 | Lair:5   | Reached skill level 15 in Throwing
 18341 | Lair:5   | Slain by an eight-headed hydra

Illustrated notes

Levels and vault maps discovered:
D:1:      kennysheep_arrival_seaside, layout_loops_corners,
          dreamdust_ecumenical_altar_statues, serial_shops, shop,
          hangedman_glass_teeth
D:2:      layout_basic
D:3:      layout_loops_ring, minmay_snake_closets
D:4:      layout_cave_pods, minmay_temple_entry_drinking_statues,
          gup_sewer_entry_bowl, hangedman_abyss_or_decor_lesser_grid
D:5:      layout_basic, gammafunk_ghost_cemetery
D:6:      layout_basic, mainiacjoe_overflow_boulevard, nicolae_ru_awakened_eye,
          uniq_prince_ribbit1
D:7:      gammafunk_beogh_shrine, layout_loops_ring,
          nicolae_overflow_hidden_temple, dilly_guarded_unrand_devastator,
          uniq_joseph
D:8:      gammafunk_boulding_lane, layout_basic, kennysheep_mini,
          dpeg_lair_monsters, enter_bailey_2, serial_shops,
          nicolae_shop_behind_doors
D:9:      layout_roguey, mainiacjoe_overflow_alcove_1, serial_ice, serial_ice_l,
          serial_ice_d, serial_ice_h, serial_ice_m, uniq_grum, uniq_harold,
          uniq_erolcha, uniq_maurice
D:10:     layout_stronghold, nicolae_gozag_seed_capital,
          kennysheep_okawaru_gauntlet, david_orc_3, serial_shops,
          nicolae_shop_window_shopping
Lair:1:   layout_roguey, gammafunk_ghost_hive, st_stairs_12
Lair:2:   layout_regular_city, minmay_swamp_entry_reptiles, uniq_sonja
Lair:3:   layout_gridlike, spider_nest_entry_webs, serial_rivers,
          chequers_serial_rivers_micro_a, chequers_serial_rivers_large_b,
          chequers_serial_rivers_room_b, chequers_serial_rivers_micro_b,
          serial_bayou_pond_b, serial_bayou_shore_b
Lair:4:   layout_hall_layers, beast_lair_carwin_4
Lair:5:   cheibrodos_lair_end_hotspot, layout_long_grid,
          minmay_slime_entry_pillars, wad_woods_02

Skill      XL: |  1  2  3  4  5  6  7  8  9 10 11 12 13 14 15 |
---------------+----------------------------------------------+-----
Polearms       | 5 7 9 11 13 17 20 | 20.4
Fighting       | 4 5 6 8 12 | 12.0
Armour         | 2 3 4 5 6 |  6.0
Dodging        | 4 6 |  6.0
Throwing       | 5 9 13 15 | 15.3
Evocations     | 6 |  6.0

Action                   |  1- 3 |  4- 6 |  7- 9 | 10-12 | 13-15 || total
-------------------------+-------+-------+-------+-------+-------++-------
Melee: Spear             |    84 |   145 |   145 |       |    39 ||   413
       Punch             |       |     3 |       |       |       ||     3
       Halberd           |       |       |    29 |   168 |    13 ||   210
       Tailslap          |       |       |       |     1 |       ||     1
       Glaive            |       |       |       |   244 |   581 ||   825
       Trident           |       |       |       |       |    14 ||    14
 Fire: Heavy crossbow    |       |       |       |       |    53 ||    53
Throw: Stone             |       |       |       |     6 |     2 ||     8
Invok: Berserk           |     1 |     2 |     4 |     2 |     7 ||    16
       Trog's Hand       |       |       |     2 |     5 |     1 ||     8
       Brothers in Arms  |       |       |       |     2 |     1 ||     3
Evoke: Wand              |       |       |       |       |     2 ||     2
  Use: Scroll            |       |     7 |     8 |     6 |     6 ||    27
       Potion            |       |       |       |     1 |     1 ||     2
 Stab: Sleeping          |       |       |       |     3 |       ||     3
Armor: Animal skin       |     4 |       |       |       |       ||     4
       Plate armour      |    30 |    47 |     2 |       |       ||    79
       Ring mail         |       |       |    33 |    78 |   219 ||   330
Dodge: Dodged            |    10 |    21 |    50 |   229 |   385 ||   695

Table legend: (Time is in decaauts)
 A = Elapsed time spent in this place.
 B = Non-inter-level travel time spent in this place.
 C = Inter-level travel time spent in this place.
 D = Time resting spent in this place.
 E = Time spent auto-exploring this place.
 F = Levels seen in this place.
 G = Mean time per level.
                   A        B        C        D        E       F      G
               +--------+--------+--------+--------+--------+-----+--------+
         Total |  17929 |  17180 |    749 |   1178 |  13033 |  17 | 1054.6 |
       Dungeon |  10384 |   9883 |    501 |    564 |   7663 |  10 | 1038.4 |
          Lair |   6985 |   6738 |    247 |    530 |   5108 |   5 | 1397.0 |
         Sewer |    155 |    155 |      0 |      0 |    107 |   1 |  155.0 |
        Bailey |    404 |    404 |      0 |     83 |    154 |   1 |  404.0 |
               +--------+--------+--------+--------+--------+-----+--------+

Top non-repeatable levels by time:
  Lair:5: 1864 daAuts
     D:7: 1598 daAuts
  Lair:1: 1478 daAuts
     D:8: 1393 daAuts
    D:10: 1279 daAuts
  Lair:3: 1259 daAuts
  Lair:4: 1215 daAuts
  Lair:2: 1167 daAuts
     D:1: 1133 daAuts
     D:4: 1105 daAuts
     D:5: 927 daAuts
     D:3: 784 daAuts
     D:2: 782 daAuts
     D:9: 732 daAuts
     D:6: 647 daAuts
